AoeStats
← Oji San

Golden Pit

507264183Analyzed
1v1 RM · 15d ago on Sep 17, 2026· 45m 22s· 2 players
Game mode
Random Map
Map size
Tiny (2 player)
Population
200
Speed
Normal
Resources
Standard
Victory
Conquest
Starting age
Dark Age
Ending age
Imperial Age
RankedLock teamsTeams togetherTeam positionsShared explorationLock speedFull tech treeHidden civsTurbo modeCheats
Victory
Defeat
🇨🇴 Portuguese · Colombia
954
+16
🇮🇩 Britons · Indonesia
955
-37
Manthasx22
8:08 Loom
10:52 Feudal Age
17:21 Castle Age
17:10 Double-Bit Axe
17:31 Horse Collar
24:42 Elite Skirmisher
29:11 Wheelbarrow
29:02 Fletching
31:44 Bodkin Arrow
32:30 Scale Barding Armor
36:27 Imperial Age
34:17 Bow Saw
34:17 Heavy Plow
38:04 Elite Organ Gun
39:59 Bloodlines
39:50 Husbandry
40:56 Hand Cart
41:04 Cavalier
42:58 Arquebus
44:15 Chain Barding Armor
44:06 Forging
45:10 Chemistry
46:14 Plate Barding Armor
46:15 Iron Casting
Oji San
9:58 Feudal Age
8:26 Loom
17:40 Fletching
24:25 Castle Age
24:20 Forging
24:47 Scale Mail Armor
26:07 Crossbowman
27:37 Pikeman
32:04 Iron Casting
31:50 Double-Bit Axe
34:18 Stone Mining
35:16 Squires
39:04 Light Cavalry
39:44 Husbandry
40:16 Elite Skirmisher
46:42 Imperial Age
45:05 Scale Barding Armor
45:46 Bodkin Arrow
Connection lost

Rejoining the realm…

Still unreachable

The connection could not be restored.

Session expired

The server has moved on; the page needs a fresh start.